 Dungeon Crawl Stone Soup version 0.31-a0-640-g39d97e502b (webtiles) character file.

Game seed: 2020768248480056893

190 qw the Shooter (level 5, -7/33 HPs)
             Began as a Gargoyle Hunter on Aug 27, 2023.
             Killed from afar by an orc wizard (11 damage)
             ... with a puff of flame
             ... on level 3 of the Dungeon.
             The game lasted 00:00:44 (1940 turns).

qw the Shooter (Gargoyle Hunter)                    Turns: 1940, Time: 00:00:45

Health: -7/33      AC:  7    Str: 15    XL:     5   Next: 69%
Magic:  5/5        EV: 11    Int:  9    God:
Gold:   135        SH:  0    Dex: 15    Spells: 4/4 levels left

rFire   . . .        Y - +0 shortbow
rCold   . . .        (shield currently unavailable)
rNeg    + . .        c - +0 leather armour
rPois   inf          (no helmet)
rElec   +            (no cloak)
rCorr   .            (no gloves)
SInv    .            (no boots)
Will    .....        b - amulet of faith
Stlth   ++           (no ring)
HPRegen 0.25/turn    (no ring)
MPRegen 0.09/turn

%: faith
@: about to teleport
A: sickness immunity, AC +4, negative energy resistance 1, electricity
resistance, torment resistance 1, petrification resistance
a: no special abilities


You were on level 3 of the Dungeon.
You visited 1 branch of the dungeon, and saw 3 of its levels.

You collected 135 gold pieces.


Innate Abilities, Weirdness & Mutations

You are immune to sickness and miasma.
Your stone body is resilient. (AC +4)
You are immune to poison.
You resist negative energy. (rN+)
You are resistant to electric shocks. (rElec)
You are resistant to unholy torment.
You are immune to petrification.


   Skills:
 + Level 3.9 Fighting
 - Level 6.0 Ranged Weapons
 - Level 1.5 Dodging
 - Level 1.1 Stealth


You had 4 spell levels left.
You didn't know any spells.
Your spell library was empty.

Inventory:

Hand Weapons
 Y - a +0 shortbow (weapon)
Armour
 c - a +0 leather armour (worn)
 i - a +0 ring mail
Jewellery
 b - an amulet of faith (around neck)
Scrolls
 a - a scroll of teleportation
 g - a scroll of identify
Potions
 d - a potion of enlightenment
 e - a potion of might
 f - a potion of haste
 h - a potion of curing

Dungeon Overview and Level Annotations

Branches:
Dungeon (3/15)

Altars:


Message History

You shoot an arrow.
The arrow hits the orc but does no damage.
The orc is severely wounded.
The orc hits you with a +0 war axe. The orc wizard closely misses you.
You shoot an arrow. The arrow hits the orc.
You kill the orc!
The orc wizard casts a spell at you. You resist with some effort.
You shoot an arrow.
The arrow closely misses the orc wizard.
The orc wizard closely misses you.
You shoot an arrow. The arrow misses the orc wizard.
The orc wizard points at you and mumbles some strange words.
The magic dart hits you.
You shoot an arrow. The arrow hits the orc wizard!
The orc wizard is heavily wounded.
The orc wizard misses you.
You shoot an arrow. The arrow hits the orc wizard.
The orc wizard is almost dead.
The orc wizard hits you with a +0 dagger.
The orc wizard points at you and mumbles some strange words.
The magic dart hits you but does no damage.
You shoot an arrow.
The arrow hits the orc wizard but does no damage.
The orc wizard is almost dead.
The orc wizard hits you with a +0 dagger.
1938 ||| READING 2 scrolls of teleportation.
As you read the scroll of teleportation, it crumbles to dust.
You feel strangely unstable.
The orc wizard gestures at you while chanting.
The puff of flame hits you.
You shoot an arrow. The arrow misses the orc wizard.
The orc wizard mumbles some strange words.
The orc wizard flickers and vanishes!
Deactivating autopickup; reactivate with Ctrl-A.
You shoot an arrow.
You hear some strange, mumbled words.
A puff of flame appears from out of thin air!
The puff of flame hits you!
You die...

#.....# #.##.#
#)...<# .....#
#.....#######...###.
#.........<........
....###.####.#.##.##
....+...# #......#
....#########..#..#
### ....
..........#..# #.#
.... #######.###@.#
#.# ..
...%.......{)# #.#
############)###.#o#
...%........#.#
#######.....#.#
#####.#.# #.#.#
#.#)# #.#)#


There were no monsters in sight!

Vanquished Creatures
  Natasha (thrice) (D:2)
  An orc wizard (D:3)
  Terence (D:2)
  3 adders (D:2)
  A dart slug (D:2)
  3 orcs (D:3)
  2 endoplasms
  3 giant cockroaches
  4 hobgoblins
  2 jackals (D:1)
  2 kobolds
  3 quokkas
  6 ball pythons
  A bat (D:1)
  2 frilled lizards (D:1)
  A goblin (D:2)
  3 rats
41 creatures vanquished.

Notes
Turn   | Place    | Note
-------+----------+-------------------------------------------
     0 | D:1      | qw the Gargoyle Hunter began the quest for the Orb.
     0 | D:1      | Reached XP level 1. HP: 12/12 MP: 1/1
     0 | D:1      | 0 ||| qw: Version: 0.3-a-74-g0d5e918
     0 | D:1      | 0 ||| qw: Game counter: 45
     0 | D:1      | 0 ||| qw: Melee chars always use a shield: true
     0 | D:1      | 0 ||| qw: God list: Okawaru
     0 | D:1      | 0 ||| qw: Allow faded altars: false
     0 | D:1      | 0 ||| qw: Do Orc after clearing Dungeon:15 true
     0 | D:1      | 0 ||| qw: Do second Lair branch before Depths: true
     0 | D:1      | 0 ||| qw: Lair rune preference: random
     0 | D:1      | 0 ||| qw: Goals: Normal
     0 | D:1      | 0 ||| PLANNING D:1-11
   212 | D:1      | Reached XP level 2. HP: 17/17 MP: 2/2
   665 | D:1      | 665 ||| READING 2 scrolls labelled PUTWISYHOT.
   669 | D:1      | 669 ||| READING scroll labelled TUYMAPRUSMO.
   670 | D:1      | 670 ||| READING 2 scrolls labelled PAQUNW GAESTUI.
   671 | D:1      | 671 ||| READING scroll labelled NACEKHLUAROC.
   672 | D:1      | 672 ||| READING scroll labelled GAFUVE YRAINN.
   673 | D:1      | 673 ||| READING scroll labelled TIBLOU POCRE.
   683 | D:1      | 683 ||| DROPPING scroll of butterflies.
   837 | D:2      | Reached skill level 5 in Ranged Weapons
   837 | D:2      | Reached XP level 3. HP: 11/21 MP: 3/3
   898 | D:2      | Noticed Natasha
   902 | D:2      | Killed Natasha
   903 | D:2      | Reached skill level 3 in Fighting
   973 | D:2      | Reached XP level 4. HP: 28/28 MP: 4/4
  1024 | D:2      | Noticed Terence
  1028 | D:2      | Killed Terence
  1174 | D:2      | Noticed Natasha
  1180 | D:2      | Killed Natasha
  1432 | D:2      | Noticed Natasha
  1438 | D:2      | 1438 ||| Stepping ~*~*~tactically~*~*~ (retreating).
  1439 | D:2      | 1439 ||| Stepping ~*~*~tactically~*~*~ (retreating).
  1441 | D:2      | 1441 ||| Stepping ~*~*~tactically~*~*~ (retreating).
  1442 | D:2      | 1442 ||| Stepping ~*~*~tactically~*~*~ (retreating).
  1443 | D:2      | 1443 ||| Stepping ~*~*~tactically~*~*~ (retreating).
  1446 | D:2      | 1446 ||| Stepping ~*~*~tactically~*~*~ (retreating).
  1447 | D:2      | 1447 ||| Stepping ~*~*~tactically~*~*~ (retreating).
  1448 | D:2      | 1448 ||| Stepping ~*~*~tactically~*~*~ (retreating).
  1457 | D:2      | Reached XP level 5. HP: 24/32 MP: 5/5
  1458 | D:2      | Killed Natasha
  1459 | D:2      | Reached skill level 6 in Ranged Weapons
  1748 | D:2      | 1748 ||| UPGRADING to amulet of faith.
  1753 | D:2      | 1753 ||| READING scroll labelled IRPHAG GIEPTY.
  1754 | D:2      | 1754 ||| DRINKING 2 cyan potions.
  1755 | D:2      | 1755 ||| DRINKING 2 smoky ruby potions.
  1756 | D:2      | 1756 ||| DRINKING 2 purple potions.
  1757 | D:2      | 1757 ||| READING 4 scrolls of identify.
  1757 | D:2      | 1757 ||| IDENTIFYING bubbling pink potion
  1758 | D:2      | 1758 ||| READING 3 scrolls of identify.
  1758 | D:2      | 1758 ||| IDENTIFYING inky potion
  1759 | D:2      | 1759 ||| READING 2 scrolls of identify.
  1759 | D:2      | 1759 ||| IDENTIFYING sedimented grey potion
  1760 | D:2      | 1760 ||| DROPPING potion of attraction.
  1761 | D:2      | 1761 ||| DROPPING potion of brilliance.
  1874 | D:3      | 1874 ||| FLEEEEING.
  1937 | D:3      | HP: 8/33 [orc wizard/+0 dagger (4)]
  1938 | D:3      | 1938 ||| READING 2 scrolls of teleportation.
  1938 | D:3      | HP: 3/33 [orc wizard/puff of flame (5)]
  1940 | D:3      | Killed from afar by an orc wizard

Levels and vault maps discovered:
D:1:      lemuel_arrival_muddy, layout_loops_ring
D:2:      layout_loops_corners, uniq_natasha, uniq_terence
D:3:      layout_basic, kennysheep_path_1

Skill      XL: |  1  2  3  4  5 |
---------------+----------------+-----
Ranged Weapons | 5 6 |  6.0
Fighting       | 3 |  3.9
Dodging        | |  1.5
Stealth        | |  1.1

Action                     |  1- 3 |  4- 6 || total
---------------------------+-------+-------++-------
   Fire: Shortbow          |    74 |    88 ||   162
    Use: Scroll            |     6 |     5 ||    11
         Potion            |       |     3 ||     3
 Armour: Leather armour    |    15 |    19 ||    34
  Dodge: Dodged            |    25 |    24 ||    49

Table legend:
 A = Non-vault XP
 B = Vault XP
 C = Vault XP percentage of total XP
 D = Non-vault monster count
 E = Vault monster count
 F = Vault count percentage of total count
                 A         B        C        D         E       F
            +---------+---------+-------+---------+---------+-------
      Total |     204 |      68 |  25.0 |      39 |       2 |   4.9
            +---------+---------+-------+---------+---------+-------
        D:1 |      23 |       0 |   0.0 |      14 |       0 |   0.0
        D:2 |     132 |      68 |  34.0 |      18 |       2 |  10.0
        D:3 |      49 |       0 |   0.0 |       7 |       0 |   0.0
            +---------+---------+-------+---------+---------+-------
